 Dungeon Crawl Stone Soup version 0.18.1-50-g88ac8fd (webtiles) character file.

120 yackwabbitt the Shield-Bearer (level 5, 0/46 HPs)
             Began as a Hill Orc Fighter on Sept 22, 2016.
             Was an Initiate of Beogh.
             Slain by yackwabbitt's ghost (3 damage)
             ... on level 3 of the Dungeon on Sept 23, 2016.
             The game lasted 00:11:50 (2078 turns).

yackwabbitt the Shield-Bearer (Hill Orc Fighter)    Turns: 2078, Time: 00:11:52

Health: 0/46       AC:  8    Str: 20    XL:     5   Next: 4%
Magic:  5/5        EV:  8    Int:  8    God:    Beogh [......]
Gold:   125        SH: 12    Dex: 10    Spells: 0 memorised, 4 levels left

rFire  . . .     SeeInvis .     a - +0 war axe
rCold  + . .     Gourm    .     b - +0 scale mail
rNeg   . . .     Faith    .     c - +0 shield
rPois  +         Spirit   .     (no helmet)
rElec  .         Dismiss  .     i - +0 cloak
rCorr  .         Reflect  +     (no gloves)
SustAt .         Harm     .     (no boots)
MR     +....                    v - +3 amulet of reflection
Stlth  ..........               g - ring of poison resistance
                                h - ring of protection from magic

@: somewhat resistant to hostile enchantments, extremely unstealthy
A: cold resistance 1, sense surroundings 1, subdued magic 1
a: Renounce Religion


You were on level 3 of the Dungeon.
You worshipped Beogh.
Beogh was noncommittal.
You were not hungry.

You visited 1 branch of the dungeon, and saw 3 of its levels.

You collected 125 gold pieces.

Inventory:

Hand Weapons
 a - a +0 war axe (weapon)
Missiles
 e - 73 arrows
 r - 2 javelins (quivered)
 s - 7 tomahawks of returning
Armour
 b - a +0 scale mail (worn)
 c - a +0 shield (worn)
 i - a +0 cloak (worn)
Jewellery
 g - a ring of poison resistance (right hand)
 h - a ring of protection from magic (left hand)
 j - an uncursed ring of positive energy
 k - an uncursed ring of ice
 o - an uncursed ring of fire
 v - a +3 amulet of reflection (around neck)
Scrolls
 l - a scroll of blinking
 m - a scroll of teleportation
Potions
 d - a potion of might
 q - a potion of magic {unknown}
Comestibles
 f - 2 bread rations
 t - a meat ration
 u - a beef jerky


   Skills:
 + Level 4.1 Fighting
 * Level 4.1 Axes
 + Level 3.9 Armour
 + Level 1.1 Dodging
 * Level 4.2 Shields


You had 4 spell levels left.
You didn't know any spells.

Dungeon Overview and Level Annotations

Branches:
Dungeon (3/15)

Altars:

Annotations:
D:3 yackwabbitt's ghost, amateur KoAs


Innate Abilities, Weirdness & Mutations

Your flesh is cold resistant.
You passively map a small area around you.
Your spells are a little easier to cast, but a little less powerful.


Message History

A rat comes into view.
You block the giant cockroach's attack. The orc hits you.
* * * LOW HITPOINT WARNING * * *
Yackwabbitt's ghost hits you.
* * * LOW HITPOINT WARNING * * *
The orc barely misses you. You block the giant cockroach's attack.
You block the giant cockroach's attack. You block the giant cockroach's attack.
A goblin comes into view. It is wielding a dagger.
The goblin shouts!
Found a bread ration.
The goblin hits you but does no damage. You block the giant cockroach's attack.
You hit the goblin.
You kill the goblin!
Beogh accepts your kill.
You hit yackwabbitt's ghost but do no damage.
Yackwabbitt's ghost is heavily damaged.
You closely miss the giant cockroach. Yackwabbitt's ghost hits you.
You die...

...........#........#####..##
.......### #...)....# #..#
.......### #.<).....+ , ..P#
.....#...###........####...+
,##
.........##...............P#
#. ..###....##.............
## ..# #....##............. *
..###.>..##.............
..#...........rs@)......,
..#...........oW........
#....%................
#.........######...... ,
#.........# *..%...
#.........# #+####
####'###### * * #.


You could see yackwabbitt's ghost, an orc, a giant cockroach and a rat.

Vanquished Creatures
  6 adders
  2 oozes
  2 worms
  An orc (D:3)
  3 bats
  3 giant cockroaches
  4 goblins
  5 hobgoblins
  4 jackals (D:3)
  10 kobolds
  3 quokkas
  2 giant newts
  3 rats
48 creatures vanquished.

Vanquished Creatures (others)
  An orc priest (D:3)
  An orc (D:3)
2 creatures vanquished.

Grand Total: 50 creatures vanquished

Notes
Turn   | Place    | Note
--------------------------------------------------------------
     0 | D:1      | yackwabbitt the Hill Orc Fighter began the quest for the Orb.
     0 | D:1      | Reached XP level 1. HP: 19/19 MP: 1/1
   316 | D:1      | Reached XP level 2. HP: 23/27 MP: 2/2
   993 | D:2      | Reached XP level 3. HP: 29/33 MP: 3/3
  1459 | D:2      | Reached skill level 1 in Dodging
  1536 | D:3      | Reached XP level 4. HP: 16/40 MP: 4/4
  1947 | D:3      | Became a worshipper of Beogh the Brigand
  1966 | D:3      | Noticed yackwabbitt's ghost (amateur KoAs)
  1972 | D:3      | Reached XP level 5. HP: 17/46 MP: 5/5
  2005 | D:3      | Gained mutation: You passively map a small area around you. [potion of mutation]
  2005 | D:3      | Gained mutation: Your flesh is cold resistant. [potion of mutation]
  2005 | D:3      | Gained mutation: Your spells are a little easier to cast, but a little less powerful. [potion of mutation]
  2069 | D:3      | HP: 2/46 [yackwabbitt's ghost (6)]
  2078 | D:3      | Slain by yackwabbitt's ghost

Skill      XL: |  1  2  3  4 |
---------------+-------------+-----
Axes           | 3 4 |  4.1
Shields        | 4 |  4.2
Dodging        | 1 |  1.1
Fighting       | 4 |  4.1
Armour         | |  3.9

Action                   |  1- 3 |  4- 6 || total
-------------------------+-------+-------++-------
Melee: War axe           |   113 |    60 ||   173
Throw: Javelin           |     1 |       ||     1
  Use: Scroll            |     5 |     1 ||     6
       Potion            |       |     2 ||     2
  Eat: Fruit             |     2 |       ||     2
       Bread ration      |       |     1 ||     1
Armor: Scale mail        |    53 |    38 ||    91
Dodge: Dodged            |    37 |    22 ||    59
Block: Shield            |    60 |    65 ||   125
       Reflection        |       |     1 ||     1
